AoeStats
← 河北彩花

Arabia

508809354Analyzed
4v4 RM · 9d ago on Sep 24, 2026· 17m 18s· 8 players
Game mode
Random Map
Map size
Large (8 player)
Population
200
Speed
Normal
Resources
Standard
Victory
Conquest
Starting age
Dark Age
Ending age
Imperial Age
RankedLock teamsTeams togetherTeam positionsShared explorationLock speedFull tech treeHidden civsTurbo modeCheats
Victory
Defeat
🇲🇽 Jurchens · Mexico
1256
+11
🇲🇽 Chinese · Mexico
1206
+13
🇲🇽 Varangians · Mexico
1151
+15
🇲🇽 Ethiopians · Mexico
1096
+16
🇲🇴 Varangians · Macao SAR China
1191
-16
🇦🇷 Burgundians · Argentina
1109
-13
🇲🇽 Romans · Mexico
1109
-13
🇲🇽 Mongols · Mexico
1106
-13
GdN_Mancaji
2:35 Loom
9:18 Feudal Age
14:05 Double-Bit Axe
NightPlane492
4:05 Loom
9:34 Feudal Age
canijo2512
0:26 Loom
10:36 Feudal Age
11:25 Double-Bit Axe
11:21 Horse Collar
15:52 Fletching
OG Bloody2
7:13 Loom
9:30 Feudal Age
10:53 Double-Bit Axe
14:13 Scale Barding Armor
16:18 Forging
rms_0489
7:00 Loom
10:16 Feudal Age
10:20 Man-at-Arms
11:03 Horse Collar
12:24 Scale Mail Armor
unjugadorx
5:53 Loom
11:05 Feudal Age
John G
5:27 Loom
12:25 Feudal Age
10:45 Double-Bit Axe
16:33 Castle Age
15:01 Bow Saw
15:18 Scale Barding Armor
河北彩花
0:58 Loom
10:30 Feudal Age
11:20 Double-Bit Axe
11:12 Man-at-Arms
16:42 Fletching
Connection lost

Rejoining the realm…

Still unreachable

The connection could not be restored.

Session expired

The server has moved on; the page needs a fresh start.